 Dungeon Crawl Stone Soup version 0.28.0-43-g3370ac3207 (webtiles) character file.

Game seed: 38975905059631831

19819 RepoMan the Convoker (level 12, -2/92 HPs)
             Began as a Merfolk Summoner on Mar 8, 2022.
             Was an Initiate of Gozag.
             Killed from afar by a deep elf pyromancer (18 damage)
             ... with a bolt of fire
             ... on level 12 of the Dungeon.
             The game lasted 01:53:39 (15483 turns).

RepoMan the Convoker (Merfolk Summoner)            Turns: 15483, Time: 01:53:40

Health: -2/92      AC:  7    Str: 12    XL:     12   Next: 73%
Magic:  17/19      EV: 12    Int: 29    God:    Gozag
Gold:   1582       SH:  5    Dex: 18    Spells: 7/20 levels left

rFire   + . .      SeeInvis +   x - +2 trident (vorpal)
rCold   . . .      Faith    .   C - +0 buckler
rNeg    . . .      Spirit   .   a - +1 robe
rPois   .          Reflect  .   K - +1 helmet {SInv}
rElec   .          Harm     .   D - +1 cloak of Impermeability {Str+4 Int+3 Dex+4}
rCorr   .          Rampage  .   (no gloves)
Will    .....                   (no boots)
Stlth   ++........              e - amulet of magic regeneration
HPRegen 0.25/turn               j - ring of protection from fire
MPRegen 0.56/turn               L - +6 ring of intelligence

@: hasted, very quick
A: (nimble swimmer 2), mertail
a: Renounce Religion, Potion Petition, Call Merchant, Bribe Branch


You were on level 12 of the Dungeon.
You worshipped Gozag.
Gozag was most pleased with you.
You visited 3 branches of the dungeon, and saw 14 of its levels.
You also visited: Sewer and Bailey.

You collected 1930 gold pieces.
You spent 214 gold pieces at shops.
You paid 134 gold pieces to Gozag.

Inventory:

Hand Weapons
 k - a +1 scimitar of flaming
 o - a +2 dagger of venom
 x - a +2 vorpal trident (weapon)
Missiles
 c - 258 stones
 r - 3 boomerangs of dispersal
 t - 5 silver javelins
Armour
 a - a +1 robe (worn)
 y - a +0 kite shield
 C - a +0 buckler (worn)
 D - the +1 cloak of Impermeability (worn) {Str+4 Int+3 Dex+4}
   (You found it on level 8 of the Dungeon)

   Str:       It affects your strength (+4).
   Int:       It affects your intelligence (+3).
   Dex:       It affects your dexterity (+4).
 H - the +6 fire dragon scales of the Gate {rF++ rC- Str+6 Int+7}
   (You found it on level 9 of the Dungeon)

   Str:       It affects your strength (+6).
   Int:       It affects your intelligence (+7).
   rF:        It greatly protects you from fire.
   rC:        It makes you vulnerable to cold.
 K - a +1 helmet of see invisible (worn)
Jewellery
 e - an amulet of magic regeneration (around neck)
 j - a ring of protection from fire (left hand)
 u - a ring of see invisible
 z - a ring of resist corrosion
 L - a +6 ring of intelligence (right hand)
 M - a +6 ring of strength
 O - a ring of flight
Scrolls
 d - a scroll of silence
 f - a scroll of enchant weapon
 i - a scroll of fog
 l - 4 scrolls of teleportation
 n - 2 scrolls of brand weapon
 B - a scroll of enchant armour
 I - a scroll of amnesia
 N - a scroll of torment {unknown}
Potions
 b - 3 potions of might
 h - a potion of haste
 p - a potion of lignification
 q - 2 potions of attraction
 s - 2 potions of cancellation
 v - a potion of brilliance
 w - a potion of berserk rage
 E - a potion of ambrosia {unknown}
 F - 2 potions of flight
 J - a potion of invisibility {unknown}


   Skills:
 + Level 7.9 Fighting
 + Level 13.8 Polearms
 - Level 2.6 Dodging
 - Level 2.1 Stealth
 - Level 4.0 Shields
 - Level 4.9 Spellcasting
 * Level 15.8 Summonings


You had 7 spell levels left.
You knew the following spells:

 Your Spells              Type           Power      Damage    Failure   Level
a - Summon Small Mammal   Summ           100%       N/A       0%          1
c - Call Imp              Summ           78%        N/A       1%          2
d - Call Canine Familiar  Summ           78%        N/A       1%          3
g - Summon Guardian Gole  Hex/Summ       52%        N/A       1%          3
l - Summon Lightning Spi  Summ/Air       52%        N/A       3%          4

Your spell library contained the following spells:

 Spells                   Type           Power      Damage    Failure   Level
 Magic Dart               Conj           28%        1d4       9%          1
 Sandblast                Erth           14%        2d6       9%          1
 Passwall                 Tmut/Erth      5%         N/A       12%         2
 Mephitic Cloud           Conj/Pois/Air  7%         N/A       24%         3
 Ozocubu's Armour         Ice            7%         N/A       24%         3
 Stone Arrow              Conj/Erth      14%        3d7       24%         3
 Ozocubu's Refrigeration  Ice            3%         4d5       100%        7


Dungeon Overview and Level Annotations

Branches:
Dungeon (12/15)            Temple (1/1) D:7            Lair (1/6) D:10
    Orc (0/2) D:12          Sewer (visited)          Bailey (visited)

Altars:
Ashenzari
Cheibriados
Dithmenos
Elyvilon
Fedhas
Gozag
Hepliaklqana
Kikubaaqudgha
Makhleb
Nemelex Xobeh
Okawaru
Qazlal
Ru
Sif Muna
Trog
Uskayaw
Vehumet
Wu Jian
Xom
Yredelemnul
Zin
The Shining One

Shops:
D:11 [

Annotations:
D:3 1 runed translucent door, weresquid's ghost, amateur TeFE
D:5 exclusion: 2 downstairs
D:6 cyclops
D:9 exclusion: downstairs
Lair:1 Fannar


Innate Abilities, Weirdness & Mutations

((You are very nimble when in or above water. (Stealth+, EV+, Speed+++)))
Your lower body shifts to a powerful aquatic tail in water.


Message History

The deep elf pyromancer mumbles some strange words.
The deep elf pyromancer blinks!
Your lightning spire shoots out a bolt of lightning at the fire elemental!
The bolt of electricity hits the fire elemental.
The fire elemental resists.
The deep elf pyromancer gestures at you while chanting.
The bolt of fire hits you!! You resist. The fire elemental closely misses you.
The fire elemental hits you. The fire elemental burns you! You resist.
* * * LOW HITPOINT WARNING * * *
Unknown command.
The deep elf pyromancer gestures wildly while chanting.
The deep elf pyromancer blinks!
The fire elemental closely misses you.
Unknown command.
Your lightning spire shoots out a bolt of lightning at the fire elemental!
The bolt of electricity hits the fire elemental.
The fire elemental resists.
Your magical contamination has completely faded away.
A deep elf pyromancer comes into view. It is wielding a +0 rapier.
The fire elemental misses you.
Your lightning spire shoots out a bolt of lightning at the fire elemental!
The bolt of electricity hits the fire elemental.
The fire elemental resists.
Okay, then.
Okay, then.
The fire elemental hits you. The fire elemental burns you! You resist.
* * * LOW HITPOINT WARNING * * *
Things that are here:
a +0 chain mail; a +0 long sword The fire elemental disappears in a puff of smoke!
The deep elf pyromancer mumbles some strange words.
The deep elf pyromancer gestures at you while chanting.
The bolt of fire misses you. The fire elemental hits you.
The fire elemental burns you! You resist.
* * * LOW HITPOINT WARNING * * *
You feel yourself speed up. The fire elemental misses you.
The deep elf pyromancer points at you and mumbles some strange words.
The bolt of fire hits you!! You resist.
You die...
Your body crumbles into a pile of gold.

.....>...▒▒.▒..▒▒...▒▒▒▒▒.▒ ▒..▒▒
.▒▒.)▒▒▒▒▒.▒▒..▒▒...▒ ▒.▒ ▒..▒▒
▒..▒....▒..▒▒..▒▒...▒ ▒.▒ ▒....
▒.▒..▒▒.▒▒..▒..▒▒.e○▒ ▒.▒▒▒....
...▒.......▒▒..▒▒.E☼▒ ▒)..§..▒▒
.▒▒......▒▒.▒..▒▒..E▒ ▒......▒▒
.▒▒▒▒▒▒.▒▒▒▒▒..▒▒...▒▒▒▒▒.▒▒...▒▒
.▒▒▒..▒..▒▒.▒.............▒▒...▒▒
..▒▒...▒.▒......@E○.▒▒▒▒..▒▒...▒▒
..▒..▒...).▒▒...▒▒.○▒ ▒..▒▒...▒▒
.▒▒▒.▒▒▒▒▒▒▒▒...▒▒○○▒ ▒..▒▒...▒▒
▒▒▒▒▒▒▒▒▒▒ ▒...▒▒°.▒ ▒..▒▒.....
▒........▒ ▒...▒▒..▒ ▒..▒▒.....
▒........▒ ▒..e▒▒..▒▒▒▒......▒▒▒
....▒▒▒▒.▒ ▒...▒▒....○...°...▒
▒...▒ ▒.▒ ▒....8........)▒.°▒
▒...▒ ▒.▒ ▒..............▒..▒▒▒


You could see 2 deep elf pyromancers and 3 fire elementals.

Vanquished Creatures
  A deep elf pyromancer (D:12)
  2 deep elf zephyrmancers (D:12)
  3 centaur zombies (D:11)
  A wyvern (D:9)
  2 vampire mosquitoes (D:12)
  A centaur (D:10)
  A phantom (D:12)
  A kobold brigand (D:7)
  3 killer bees
  A troll zombie (D:12)
  A howler monkey (D:7)
  2 lava snakes (D:9)
  A bullfrog zombie (D:5)
  An orc priest (D:12)
  An orc wizard (D:9)
  2 ogre zombies (D:12)
  A howler monkey skeleton (D:4)
  3 orcs
  4 bats
  A giant cockroach (D:4)
  3 goblins
  2 hobgoblins
  11 kobolds
  2 quokkas (D:2)
  A ball python (D:3)
  4 frilled lizards
  A goblin zombie (D:12)
  A hobgoblin skeleton (D:12)
  An orc skeleton (D:12)
  6 orc zombies (D:12)
  3 rats
68 creatures vanquished.

Vanquished Creatures (collateral kills)
  Gastronok (D:8)
  A hydra (D:12)
  2 deep elf archers (D:12)
  A deep elf zephyrmancer (D:12)
  4 deep elf pyromancers (D:12)
  A kobold demonologist (D:10)
  2 komodo dragons
  3 trolls
  4 blink frogs (Lair:1)
  A shadow (D:10)
  A wyvern (D:8)
  5 yaks
  A wraith (D:12)
  2 vampire mosquitoes (D:12)
  2 wargs (D:10)
  An acid dragon (D:10)
  A water moccasin (D:5)
  2 sky beasts
  A black bear (D:5)
  An orc warrior (D:10)
  A necrophage (D:4)
  2 ogres
  6 centaurs (D:11)
  2 phantoms (D:12)
  A kobold brigand (D:9)
  2 bullfrogs
  A gnoll sergeant (D:8)
  A scorpion (D:5)
  A troll zombie (D:12)
  A water moccasin zombie (D:7)
  A water moccasin skeleton (D:5)
  4 killer bees
  4 wights (D:8)
  3 howler monkeys
  2 centaur zombies (D:9)
  2 hounds (D:5)
  A centaur skeleton (D:7)
  5 orc priests
  2 iguanas
  8 orc wizards
  A killer bee zombie (D:9)
  2 ogre zombies (D:12)
  A howler monkey skeleton (D:5)
  A howler monkey zombie (D:10)
  16 gnolls
  5 adders
  A white imp (D:7)
  An ufetubus (D:5)
  4 worms
  3 dart slugs
  36 orcs
  7 ball pythons
  4 endoplasms
  A giant cockroach (Sewer)
  6 goblins
  9 hobgoblins
  4 jackals (D:3)
  2 quokkas (D:1)
  3 bats
  7 frilled lizards
  A goblin zombie (D:12)
  A hobgoblin zombie (D:12)
  23 kobolds
  8 orc zombies (D:12)
  11 rats
245 creatures vanquished.

Vanquished Creatures (others)
  Erica (D:8)
  4 two-headed ogres
  Psyche (D:8)
  A hornet (D:9)
  3 yaks
  2 wyverns
  2 steam dragons
  An orc warrior (D:9)
  A black bear (D:8)
  A centaur (D:11)
  2 gnoll sergeants
  A wight (D:9)
  2 howler monkeys (D:7)
  3 gnolls
  An orc (D:10)
  11 plants
37 creatures vanquished.

Grand Total: 350 creatures vanquished

Notes
Turn   | Place    | Note
-------+----------+-------------------------------------------
     0 | D:1      | RepoMan the Merfolk Summoner began the quest for the Orb.
     0 | D:1      | Reached XP level 1. HP: 13/13 MP: 3/3
   201 | D:1      | Reached XP level 2. HP: 17/19 MP: 3/5
   416 | D:1      | Learned a level 2 spell: Call Imp
   700 | D:1      | Reached XP level 3. HP: 24/24 MP: 4/6
   717 | D:1      | Learned a level 3 spell: Call Canine Familiar
  1643 | D:2      | Reached skill level 5 in Summonings
  2287 | D:3      | Reached XP level 4. HP: 30/30 MP: 4/8
  2320 | D:3      | Found a shimmering blue altar of Sif Muna.
  2327 | D:3      | Found a sparkling altar of Nemelex Xobeh.
  2329 | D:3      | Found an iron altar of Okawaru.
  2329 | D:3      | Found a broken altar of Ashenzari.
  2947 | D:3      | Noticed weresquid's ghost (amateur TeFE)
  2952 | D:3      | Found a runed translucent door.
  3249 | D:3      | Found a faded altar of an unknown god.
  3321 | D:3      | Reached XP level 5. HP: 35/35 MP: 5/9
  3772 | D:4      | Noticed a necrophage
  3878 | D:4      | Found a glowing drain.
  3887 | Sewer    | Entered a sewer
  4455 | D:4      | Killed a necrophage
  4456 | D:4      | Reached skill level 6 in Summonings
  4456 | D:4      | Reached XP level 6. HP: 41/41 MP: 3/11
  4745 | D:4      | Found a faded altar of an unknown god.
  4747 | D:4      | Found a faded altar of an unknown god.
  4747 | D:4      | Found a hazy altar of Hepliaklqana.
  4766 | D:4      | You fall into a shaft and drop 1 floor!
  4766 | D:5      | Entered Level 5 of the Dungeon
  4965 | D:5      | Noticed a sky beast
  5019 | D:5      | Killed a sky beast
  5027 | D:5      | Reached skill level 7 in Summonings
  5042 | D:5      | Reached XP level 7. HP: 46/46 MP: 10/13
  6026 | D:5      | Reached skill level 8 in Summonings
  6241 | D:5      | Learned a level 3 spell: Summon Guardian Golem
  6246 | D:5      | Learned a level 4 spell: Summon Lightning Spire
  6383 | D:5      | Reached skill level 1 in Fighting
  6383 | D:5      | Reached skill level 1 in Polearms
  6383 | D:5      | Reached XP level 8. HP: 54/54 MP: 15/15
  6667 | D:6      | Noticed a cyclops
  7464 | D:7      | Reached skill level 9 in Summonings
  7500 | D:7      | Found a flagged portal.
  7518 | Bailey   | Entered a bailey
  7693 | D:7      | Noticed a wyvern
  7708 | D:7      | Killed a wyvern
  7709 | D:7      | Reached skill level 5 in Polearms
  7709 | D:7      | Reached skill level 10 in Summonings
  7709 | D:7      | Reached XP level 9. HP: 61/61 MP: 16/16
  7893 | D:7      | Found a hide-covered altar of Uskayaw.
  8015 | D:7      | Found a staircase to the Ecumenical Temple.
  8032 | Temple   | Entered the Ecumenical Temple
  8116 | Temple   | Became a worshipper of Gozag Ym Sagoz the Greedy
  8790 | D:8      | Noticed Psyche
  8806 | D:8      | Killed Psyche
  8807 | D:8      | Reached skill level 11 in Summonings
  8874 | D:8      | Noticed Gastronok
  9150 | D:8      | Noticed Erica
  9208 | D:8      | Killed Erica
  9209 | D:8      | Reached skill level 12 in Summonings
  9209 | D:8      | Reached XP level 10. HP: 46/67 MP: 15/17
  9645 | D:8      | Identified the +1 cloak of Impermeability {Str+4 Int+3
                  | Dex+4}
  9824 | D:8      | Killed Gastronok
 10194 | D:9      | Reached skill level 10 in Polearms
 10386 | D:9      | Reached skill level 13 in Summonings
 10527 | D:9      | Reached XP level 11. HP: 61/75 MP: 16/18
 10666 | D:9      | Noticed a two-headed ogre
 10682 | D:9      | Killed a two-headed ogre
 10950 | D:9      | Identified the +6 fire dragon scales of the Gate {rF++ rC-
                  | Str+6 Int+7}
 11181 | D:10     | Entered Level 10 of the Dungeon
 11181 | D:10     | Noticed a two-headed ogre
 11247 | D:10     | Noticed a two-headed ogre
 11277 | D:10     | Killed a two-headed ogre
 11288 | D:10     | Killed a two-headed ogre
 11486 | D:10     | Reached skill level 5 in Fighting
 11558 | D:10     | Reached skill level 14 in Summonings
 11590 | D:10     | Found a staircase to the Lair.
 11853 | Lair:1   | Entered Level 1 of the Lair of Beasts
 11901 | Lair:1   | Noticed a seven-headed hydra
 11941 | Lair:1   | Noticed Fannar
 12187 | D:11     | Found Doiqyqe's Armour Shoppe.
 12193 | D:11     | Bought a +1 helmet of see invisible for 214 gold pieces
 13244 | D:12     | Noticed a deep elf pyromancer
 13254 | D:12     | Killed a deep elf pyromancer
 13255 | D:12     | Reached XP level 12. HP: 89/89 MP: 14/19
 13465 | D:12     | Reached skill level 15 in Summonings
 13526 | D:12     | Found a staircase to the Orcish Mines.
 13787 | D:12     | Noticed a five-headed hydra
 13812 | D:12     | Killed a five-headed hydra
 14229 | D:12     | Noticed a two-headed ogre
 14247 | D:12     | Killed a two-headed ogre
 14805 | D:12     | HP: 4/136 [deep elf archer/arrow (12)]
 15483 | D:12     | Killed from afar by a deep elf pyromancer

Illustrated notes

Levels and vault maps discovered:
D:1:      eino_arrival_druids_welcome, layout_basic, columned_hall_lemuel
D:2:      layout_basic
D:3:      layout_loops_corners, grunt_temple_overflow_open,
          hellmonk_ecumenical_altar_slurped_away, hellmonk_ghost_happy_afterlife
D:4:      layout_cave_pools, nicolae_hepliaklqana_ecumenical_no_more,
          portal_sewer_entry_d
D:5:      layout_basic
D:6:      layout_rooms
D:7:      layout_loops_ring, nicolae_uskayaw_dance_studio,
          minmay_temple_entry_nine_rooms, enter_bailey_5,
          nicolae_elevator_lobby_asterisk
D:8:      layout_basic, uniq_gastronok, uniq_psyche, uniq_erica
D:9:      layout_irregular_city, minmay_door_square, kennysheep_pointless_box,
          kennysheep_generic_room_7
D:10:     layout_rooms, erik_lair_orcish_takeover, serial_curves,
          eino_curves_01, eino_curves_03, lemuel_flamethrower_2
D:11:     layout_rooms, serial_shops, shop, minmay_misc_feat_nine_boxes
D:12:     minmay_elf_outpost, layout_long_grid, zombieorc1_lemuel
Temple:   eino_temple_rhombus
Lair:1:   layout_misc_corridors, infiniplex_staircase_pool_2, uniq_fannar

Skill      XL: |  1  2  3  4  5  6  7  8  9 10 11 12 |
---------------+-------------------------------------+-----
Summonings     | 5 6 7 8 10 12 13 14 15 | 15.8
Spellcasting   | 3 4 |  4.9
Fighting       | 1 3 6 7 |  7.9
Polearms       | 1 5 8 10 12 13 | 13.8
Shields        | 4 |  4.0
Dodging        | |  2.6
Stealth        | |  2.1

Action                   |  1- 3 |  4- 6 |  7- 9 | 10-12 || total
-------------------------+-------+-------+-------+-------++-------
Melee: Unarmed           |     5 |       |       |       ||     5
       Punch             |     1 |     1 |       |       ||     2
       Short sword       |    15 |     9 |       |       ||    24
       Trident           |       |    65 |    38 |   159 ||   262
 Cast: Summon Small Mamm |    31 |    38 |    24 |    27 ||   120
       Call Imp          |    20 |    31 |    24 |    21 ||    96
       Call Canine Famil |       |    16 |    39 |    42 ||    97
       Summon Guardian G |       |       |    18 |    20 ||    38
       Summon Lightning  |       |       |       |    34 ||    34
  Use: Scroll            |       |    11 |     2 |    13 ||    26
       Potion            |       |       |     4 |     9 ||    13
 Stab: Sleeping          |     1 |     5 |       |     3 ||     9
       Distracted        |       |     1 |     1 |     9 ||    11
Armor: Robe              |     2 |    15 |     7 |    23 ||    47
       Skin              |       |       |       |     1 ||     1
Dodge: Dodged            |    21 |    36 |    29 |    88 ||   174
Block: Buckler           |       |       |       |    27 ||    27
